 Dungeon Crawl Stone Soup version 0.23.2-1-ga50397a6bc (webtiles) character file.

Game seed: 7441394804584599981

2156 Ordine the Magician (level 9, -6/49 HPs)
             Began as a Deep Elf Wizard on May 15, 2019.
             Engulfed by a cloud of flame (12 damage)
             ... on level 6 of the Dungeon on May 16, 2019.
             The game lasted 00:33:29 (7281 turns).

Ordine the Magician (Deep Elf Wizard)               Turns: 7281, Time: 00:33:29

Health: -6/49      AC:  2    Str:  4      XL:     9   Next: 10%
Magic:  15/20      EV: 17    Int: 27      God:
Gold:   302        SH:  0    Dex: 12 (13) Spells: 11/20 levels left

rFire    . . .     SeeInvis .   a - +1 dagger (venom)
rCold    . . .     Gourm    .   (no shield)
rNeg     . . .     Faith    .   f - +0 robe
rPois    .         Spirit   .   q - +0 hat
rElec    .         Reflect  .   (no cloak)
rCorr    .         Harm     .   (no gloves)
MR       .....                  (no boots)
Stlth    ++........             (no amulet)
HPRegen  0.16/turn              s - +3 ring of evasion
MPRegen  0.17/turn              t - ring of wizardry

@: no status effects
A: no striking features
a: no special abilities


You were on level 6 of the Dungeon.
You were very hungry.

You visited 2 branches of the dungeon, and saw 7 of its levels.

You collected 302 gold pieces.

Inventory:

Hand Weapons
 a - a +1 dagger of venom (weapon)
 b - a +2 dagger of electrocution
Armour
 f - a +0 robe (worn)
 q - a +0 hat (worn)
Magical Staves
 c - an uncursed staff of earth
Jewellery
 s - a +3 ring of evasion (left hand)
 t - a ring of wizardry (right hand)
 v - an uncursed ring of ice
Wands
 i - a wand of digging (1)
 x - a wand of acid (10)
Scrolls
 k - a scroll of magic mapping
 m - 3 scrolls of teleportation
 o - a scroll of random uselessness {unknown}
 p - a scroll of blinking
Potions
 e - 2 potions of heal wounds
 g - 2 potions of flight
 h - 2 potions of magic
 j - a potion of curing
 l - 2 potions of might
 n - a potion of ambrosia
 u - a potion of agility {unknown}
 w - a potion of cancellation {unknown}
Comestibles
 d - 6 rations


   Skills:
 + Level 2.4 Fighting
 * Level 4.3 Short Blades
 + Level 5.0 Dodging
 - Level 3.0 Stealth
 - Level 6.0 Spellcasting
 + Level 5.2 Conjurations
   Level 1.1 Summonings
 - Level 3.0 Translocations
 + Level 3.9 Fire Magic
 + Level 3.9 Air Magic
 + Level 4.1 Poison Magic
 + Level 2.8 Evocations


You had 11 spell levels left.
You knew the following spells:

 Your Spells              Type           Power        Failure   Level  Hunger
a - Magic Dart            Conj           ####         1%          1    None
b - Blink                 Tloc           N/A          1%          2    None
c - Conjure Flame         Conj/Fire      ####....     1%          3    None
d - Mephitic Cloud        Conj/Pois/Air  ####....     1%          3    None

Your spell library contained the following spells:

 Spells                   Type           Power        Failure   Level  Hunger
 Call Imp                 Summ           ##......     2%          2    None
 Slow                     Hex            #.......     4%          2    None


Dungeon Overview and Level Annotations

Branches:
Dungeon (6/15)             Temple (1/1) D:6

Altars:
Ashenzari
Cheibriados
Dithmenos
Elyvilon
Hepliaklqana
Kikubaaqudgha
Makhleb
Nemelex Xobeh
Okawaru
Qazlal
Ru
Sif Muna
Trog
Uskayaw
Wu Jian
Yredelemnul
Zin
The Shining One

Shops:
D:6 =


Message History

Your Dodging skill increases to level 5!
Your Conjurations skill increases to level 5!
Your Poison Magic skill increases to level 4!
You have reached level 9!
Your experience leads to an increase in your attributes!
Your base attributes are Str 4, Int 26, Dex 13.
Increase (S)trength, (I)ntelligence, or (D)exterity?
You feel clever.
With Pikel's spell broken, the former slaves thank you for their freedom.
The freed slave hits the bullfrog zombie.
The bullfrog zombie completely misses you.
The freed slave barely misses the bullfrog zombie.
You hit the bullfrog zombie.
The bullfrog zombie is severely damaged.
The bullfrog zombie hits you.
* * * LOW HITPOINT WARNING * * *
Casting: Magic Dart (safe; 1% risk of failure)
Confirm with . or Enter, or press ? or * to list all spells.
You blink.
You are engulfed in blazing flames.
You die...

....###.####..##.#
#.#####.#####
####.....p....##.#
#........#
#.##.####..##.#
########## ##
#.##.......##.# #.
#...........#.# #.
#####.......#p# #.
#.......>.# ##
#.....p.#p#
#.......#@#
#.......#.#
.....####.#p#
.....# #..Z#
#..... ##.ยง#
#..... #..# ...
#..# ..># #####


You could see a bullfrog zombie and 3 neutral freed slaves.

Vanquished Creatures
  Pikel (D:6)
  Eustachio (D:5)
  An orc warrior (D:4)
  An ice beast (D:6)
  2 ogres (D:6)
  2 centaurs
  A bullfrog (D:6)
  2 scorpions
  A howler monkey (D:3)
  A crimson imp (D:4)
  A quasit (D:6)
  A centaur zombie (D:6)
  A hound (D:2)
  4 orc priests
  2 bullfrog skeletons
  3 orc wizards
  5 iguanas
  6 worker ants
  3 gnolls (D:2)
  5 adders
  2 oozes
  2 adder skeletons
  An adder zombie (D:6)
  5 worms
  2 dart slugs
  6 leopard geckos
  21 orcs
  5 bats
  11 giant cockroaches
  8 goblins
  7 hobgoblins
  7 jackals
  2 quokkas
  7 frilled lizards
  12 kobolds
  9 rats
151 creatures vanquished.

Notes
Turn   | Place    | Note
-------+----------+-------------------------------------------
     0 | D:1      | Ordine the Deep Elf Wizard began the quest for the Orb.
     0 | D:1      | Reached XP level 1. HP: 10/10 MP: 7/7
   187 | D:1      | Reached XP level 2. HP: 15/15 MP: 6/9
   191 | D:1      | Learned a level 2 spell: Blink
   782 | D:1      | Reached XP level 3. HP: 12/19 MP: 1/11
   882 | D:1      | Learned a level 3 spell: Conjure Flame
   886 | D:1      | Learned a level 3 spell: Mephitic Cloud
  1201 | D:2      | Reached XP level 4. HP: 20/24 MP: 2/12
  1609 | D:2      | Reached skill level 1 in Air Magic
  1824 | D:2      | Found a hide-covered altar of Uskayaw.
  1828 | D:2      | Reached skill level 5 in Spellcasting
  1842 | D:2      | Reached skill level 1 in Poison Magic
  1887 | D:2      | Reached skill level 1 in Fire Magic
  1926 | D:2      | Found a faded altar of an unknown god.
  2081 | D:2      | Reached XP level 5. HP: 28/28 MP: 9/14
  2105 | D:2      | Found a bloodstained altar of Trog.
  3064 | D:3      | Reached XP level 6. HP: 32/32 MP: 11/16
  4184 | D:4      | Noticed an orc warrior
  4206 | D:4      | Killed an orc warrior
  4206 | D:4      | Reached skill level 1 in Short Blades
  4206 | D:4      | Reached XP level 7. HP: 36/37 MP: 10/17
  4447 | D:4      | Reached skill level 1 in Fighting
  4538 | D:4      | Found a hazy altar of Hepliaklqana.
  4660 | D:5      | Entered Level 5 of the Dungeon
  4667 | D:5      | Found a glowing silver altar of Zin.
  4847 | D:5      | Reached skill level 6 in Spellcasting
  4892 | D:5      | Found an iron altar of Okawaru.
  4893 | D:5      | Found a deep blue altar of Sif Muna.
  4965 | D:5      | Found a basalt altar of Yredelemnul.
  5065 | D:5      | Noticed Eustachio
  6131 | D:5      | Killed Eustachio
  6131 | D:5      | Reached skill level 1 in Evocations
  6131 | D:5      | Reached XP level 8. HP: 31/43 MP: 14/19
  6220 | D:6      | Found Esonlit's Jewellery Shop.
  6302 | D:6      | Found a snail-covered altar of Cheibriados.
  6676 | D:6      | Found a staircase to the Ecumenical Temple.
  7079 | D:6      | Noticed Pikel
  7082 | Temple   | Entered the Ecumenical Temple
  7277 | D:6      | Killed Pikel
  7277 | D:6      | Reached skill level 5 in Dodging
  7277 | D:6      | Reached skill level 5 in Conjurations
  7277 | D:6      | Reached XP level 9. HP: 12/49 MP: 17/20
  7281 | D:6      | Engulfed by a cloud of flame

Skill      XL: |  1  2  3  4  5  6  7  8 |
---------------+-------------------------+-----
Conjurations   | 2 3 4 5 |  5.2
Dodging        | 3 4 5 |  5.0
Stealth        | 3 |  3.0
Air Magic      | 1 2 3 |  3.9
Spellcasting   | 5 6 |  6.0
Poison Magic   | 1 2 3 4 |  4.1
Fire Magic     | 1 2 3 |  3.9
Translocations | 2 3 |  3.0
Short Blades   | 1 2 4 |  4.3
Fighting       | 1 2 |  2.4
Evocations     | 1 2 |  2.8
Summonings     | |  1.1

Action                   |  1- 3 |  4- 6 |  7- 9 || total
-------------------------+-------+-------+-------++-------
Melee: Dagger            |    14 |    69 |    69 ||   152
       Short sword       |    12 |     3 |       ||    15
       Unarmed           |     1 |       |       ||     1
 Cast: Magic Dart        |    81 |   198 |   142 ||   421
       Mephitic Cloud    |       |    12 |    10 ||    22
       Blink             |       |     2 |     7 ||     9
       Conjure Flame     |       |     1 |     6 ||     7
  Use: Scroll            |       |     9 |     7 ||    16
 Stab: Confused          |       |     2 |     5 ||     7
  Eat: Chunk             |     1 |     9 |     5 ||    15
       Ration            |       |       |     1 ||     1
Armor: Robe              |     7 |    15 |    15 ||    37
Dodge: Dodged            |    43 |    79 |   101 ||   223
